 Dungeon Crawl Stone Soup version 0.17.0-28-g6e173f8 (webtiles) character file.

75 gorblad the Ruffian (level 4, -3/45 HPs)
             Began as a Troll Berserker on Dec 4, 2015.
             Was a Believer of Trog.
             Slain by gorblad's ghost (16 damage)
             ... on level 3 of the Dungeon.
             The game lasted 00:03:46 (1551 turns).

gorblad the Ruffian (Troll Berserker)               Turns: 1551, Time: 00:03:46

Health: -3/45      AC:  5    Str: 26    XL:     4   Next: 11%
Magic:  3/3        EV: 10    Int:  3    God:    Trog [**....]
Gold:   149        SH:  0    Dex:  9    Spells: 0 memorised, 3 levels left

rFire  . . .     SeeInvis .       - Unarmed
rCold  . . .     Clarity  .     a - +0 animal skin
rNeg   . . .     SustAt   .     (no shield)
rPois  .         Gourm    +     (helmet restricted)
rElec  .         Spirit   .     (no cloak)
rCorr  .         Warding  .     (gloves unavailable)
rMut   .         Stasis   .     (boots unavailable)
MR     .....                    (no amulet)
Stlth  +.........               (no ring)
                                e - ring of wizardry

@: exhausted, slowed, very slow, not resistant to hostile enchantments, very
unstealthy
A: unfitting armour, claws 3, fast metabolism 3, gourmand, regeneration 2,
shaggy fur 1, tough skin 2
a: Berserk, Trog's Hand, Burn Spellbooks, Renounce Religion


You were on level 3 of the Dungeon.
You worshipped Trog.
Trog was pleased with you.
You were completely stuffed.

You visited 1 branch of the dungeon, and saw 3 of its levels.

You collected 149 gold pieces.

Inventory:

Armour
 a - a +0 animal skin (worn)
Jewellery
 e - a ring of wizardry (left claw)
Scrolls
 c - a scroll of identify
 h - 5 scrolls of remove curse
 m - a scroll of fog {unknown}
Potions
 d - a potion of cure mutation
 f - a potion of might {unknown}
 g - a potion of invisibility {unknown}
 j - a potion of flight {unknown}
 k - 2 potions of brilliance
 l - a potion of curing {unknown}
Comestibles
 b - 4 bread rations
 i - a royal jelly
 n - a chunk of flesh


   Skills:
 - Level 3.1 Fighting
 * Level 3.2 Dodging
 - Level 3.4 Unarmed Combat


You had 3 spell levels left.
You didn't know any spells.

Dungeon Overview and Level Annotations

Branches:
Dungeon (3/15)

Altars:

Annotations:
D:3 gorblad's ghost, amateur OgFi


Innate Abilities, Weirdness & Mutations

You are too large for most types of armour.
You have claws for hands.
Your metabolism is lightning-fast.
You like to eat raw meat.
You heal very quickly.
You are covered in fur (AC +1).
You have very tough skin (AC +2).


Message History

You continue eating.
You closely miss gorblad's ghost. Gorblad's ghost closely misses you.
You're too exhausted to go berserk.
You barely miss gorblad's ghost. Gorblad's ghost hits you!
Gorblad's ghost hits you but does no damage.
You scratch gorblad's ghost.
Gorblad's ghost is lightly damaged.
Gorblad's ghost hits you.
You claw gorblad's ghost!
Gorblad's ghost is moderately damaged.
Gorblad's ghost hits you. Gorblad's ghost hits you!
You closely miss gorblad's ghost.
Gorblad's ghost is moderately damaged.
Gorblad's ghost completely misses you.
You miss gorblad's ghost.
Gorblad's ghost is moderately damaged.
Gorblad's ghost hits you!
* * * LOW HITPOINT WARNING * * *
Gorblad's ghost hits you!
You die...

#..####...# #..#
##..# #..# #..#
#..# ##.# #..#
#.# # #..# #>#
##'####..# ###
#........######
###....W@........
.......)))######
##........#
#........#
#........#
#........#
#........#
#.#......#
#.########


You could see gorblad's ghost.

Vanquished Creatures
  4 adders (D:2)
  A worm (D:2)
  A giant gecko (D:3)
  3 orcs (D:3)
  A giant cockroach (D:1)
  7 hobgoblins
  A quokka (D:3)
  A ball python (D:3)
  5 bats
  7 goblins
  5 kobolds
  2 rats
38 creatures vanquished.

Notes
Turn   | Place    | Note
--------------------------------------------------------------
     0 | D:1      | gorblad the Troll Berserker began the quest for the Orb.
     0 | D:1      | Reached XP level 1. HP: 22/22 MP: 0/0
   307 | D:1      | Reached XP level 2. HP: 29/29 MP: 1/1
   853 | D:2      | Reached XP level 3. HP: 32/36 MP: 2/2
   965 | D:2      | Reached ** piety under Trog
  1325 | D:3      | Noticed gorblad's ghost (amateur OgFi)
  1468 | D:3      | Reached XP level 4. HP: 41/45 MP: 3/3
  1551 | D:3      | Slain by gorblad's ghost

Action                   |  1- 3 |  4- 6 || total
-------------------------+-------+-------++-------
Melee: Unarmed           |    71 |    15 ||    86
Invok: Berserk           |       |     1 ||     1
  Use: Scroll            |     7 |       ||     7
 Stab: Sleeping          |     1 |       ||     1
  Eat: Chunk             |    17 |     4 ||    21
